 Dungeon Crawl Stone Soup version 0.18.1-6-gd335043 (webtiles) character file.

631 nikopol the Poker (level 7, -5/62 HPs)
             Began as a Minotaur Berserker on May 17, 2016.
             Was a Priest of Trog.
             Shot with an arrow by a centaur (13 damage)
             ... on level 5 of the Dungeon.
             The game lasted 00:05:52 (2850 turns).

nikopol the Poker (Minotaur Berserker)              Turns: 2850, Time: 00:05:53

Health: -5/62      AC:  8    Str: 22    XL:     7   Next: 24%
Magic:  6/6        EV: 13    Int:  4    God:    Trog [***...]
Gold:   299        SH:  0    Dex: 14    Spells: 0 memorised, 6 levels left

rFire  . . .     SeeInvis .     a - +0 spear
rCold  . . .     Gourm    .     q - +0 ring mail
rNeg   . . .     Faith    .     (no shield)
rPois  .         Spirit   .     (helmet restricted)
rElec  .         Dismiss  .     w - +0 cloak
rCorr  .         Reflect  .     m - +0 pair of gloves
SustAt .         Harm     +     (no boots)
MR     .....                    i - amulet of harm
Stlth  +.........               (no ring)
                                h - +3 ring of dexterity

@: not resistant to hostile enchantments, very unstealthy
A: retaliatory headbutt, horns 2
a: Berserk, Trog's Hand, Burn Spellbooks, Renounce Religion


You were on level 5 of the Dungeon.
You worshipped Trog.
Trog was most pleased with you.
You were not hungry.

You visited 1 branch of the dungeon, and saw 5 of its levels.

You collected 299 gold pieces.

Inventory:

Hand Weapons
 a - a +0 spear (weapon)
Armour
 b - a +0 animal skin
 m - a +0 pair of gloves (worn)
 q - a +0 ring mail (worn)
 w - a +0 cloak (worn)
Jewellery
 h - a +3 ring of dexterity (left hand)
 i - an amulet of harm (around neck)
 E - an uncursed amulet of magic regeneration {unknown}
Wands
 u - a wand of flame (17/48)
Scrolls
 g - 2 scrolls of noise {unknown}
 j - 6 scrolls of remove curse {unknown}
 k - 2 scrolls of recharging {unknown}
 l - 2 scrolls of amnesia {unknown}
 n - 2 scrolls of teleportation {unknown}
 p - 5 scrolls of identify {unknown}
 s - a scroll of enchant armour {unknown}
 x - a scroll of enchant weapon {unknown}
 y - a scroll of random uselessness {unknown}
 D - a scroll of fear {unknown}
Potions
 d - a potion of might {unknown}
 e - 2 potions of curing {unknown}
 o - a potion of degeneration {unknown}
 v - a potion of heal wounds {unknown}
 z - a potion of invisibility {unknown}
 B - a potion of mutation {unknown}
 C - a potion of lignification {unknown}
Comestibles
 c - 4 bread rations
 f - 2 meat rations
 r - 2 royal jellies
 A - a slice of pizza


   Skills:
 + Level 5.9 Fighting
 + Level 6.1 Polearms
 + Level 5.0 Armour
 + Level 4.7 Dodging


You had 6 spell levels left.
You didn't know any spells.

Dungeon Overview and Level Annotations

Branches:
Dungeon (5/15)
 Temple: D:4-7

Altars:
Ashenzari
Xom


Innate Abilities, Weirdness & Mutations

You reflexively headbutt those who attack you in melee.
You have a pair of horns on your head.


Message History

You hit the iguana but do no damage.
The iguana is heavily wounded.
The iguana bites you.
You completely miss the iguana.
The iguana is heavily wounded.
You hit the iguana.
The iguana is severely wounded.
The iguana bites you!
* * * LOW HITPOINT WARNING * * *
You hit the iguana.
You kill the iguana!
Trog accepts your kill.
A centaur comes into view.
The centaur wields a glowing shortbow.
The centaur shoots an arrow.
The arrow hits you.
* * * LOW HITPOINT WARNING * * *
Things that are here:
an arrow; an iguana corpse You butcher the iguana corpse.
The centaur shoots an arrow.
The arrow hits you!
You die...

#.# ##.# #.. .... ....
..# #.c ....### #..# ..
#.. ...... #..# #.## #..
..#.#
#..######..###.......#
..<.......[..##.#..#.#
#..#######..# #.#..#.##
#...###.....###.@.....#
.............##....#..#
#########..#.##....#..##
#....#..#..)......
#.#.###.#....#.... #.#.#
#........... # #.#
##...#.#.### #.#
#...#.#... #.. ....#$#
###


You could see a centaur.

Vanquished Creatures
  The ghost of PeterLawrence the Skirmisher, an amateur MiFi (D:3)
  A phantom (D:5)
  A giant frog (D:4)
  2 howler monkeys (D:4)
  A centaur zombie (D:5)
  2 orc wizards (D:4)
  Crazy Yiuf (D:2)
  2 iguanas
  A worker ant (D:4)
  4 adders
  An adder skeleton (D:4)
  3 worms
  2 dart slugs
  4 giant geckos
  5 orcs
  3 giant cockroaches
  7 goblins
  7 hobgoblins
  13 jackals
  8 kobolds
  2 quokkas
  2 bats
  A giant gecko skeleton (D:4)
  4 giant newts
  A quokka skeleton (D:4)
  4 rats
83 creatures vanquished.

Vanquished Creatures (others)
  A scorpion (D:4)
  A worker ant (D:4)
  An adder (D:4)
  An adder skeleton (D:4)
  A worm (D:4)
  3 orcs (D:4)
  A giant newt (D:4)
9 creatures vanquished.

Grand Total: 92 creatures vanquished

Notes
Turn   | Place    | Note
--------------------------------------------------------------
     0 | D:1      | nikopol the Minotaur Berserker began the quest for the Orb.
     0 | D:1      | Reached XP level 1. HP: 19/19 MP: 0/0
   174 | D:1      | Found a shattered altar of Ashenzari.
   179 | D:1      | Reached XP level 2. HP: 26/27 MP: 1/1
   236 | D:1      | Reached skill level 4 in Polearms
   717 | D:2      | Reached XP level 3. HP: 33/33 MP: 2/2
   722 | D:2      | Reached ** piety under Trog
  1135 | D:2      | Noticed Crazy Yiuf
  1138 | D:2      | Killed Crazy Yiuf
  1138 | D:2      | Reached XP level 4. HP: 40/40 MP: 3/3
  2164 | D:3      | Noticed PeterLawrence's ghost (amateur MiFi)
  2170 | D:3      | Killed PeterLawrence's ghost
  2170 | D:3      | Reached skill level 5 in Fighting
  2170 | D:3      | Reached skill level 5 in Polearms
  2170 | D:3      | Reached XP level 5. HP: 48/48 MP: 4/4
  2235 | D:4      | Reached XP level 6. HP: 56/56 MP: 5/5
  2431 | D:4      | Reached *** piety under Trog
  2605 | D:4      | Found a shimmering altar of Xom.
  2793 | D:5      | Entered Level 5 of the Dungeon
  2810 | D:5      | Reached XP level 7. HP: 55/62 MP: 6/6
  2836 | D:5      | Reached skill level 6 in Polearms
  2836 | D:5      | Reached skill level 5 in Armour
  2850 | D:5      | Shot with an arrow by a centaur

Skill      XL: |  1  2  3  4  5  6  7 |
---------------+----------------------+-----
Polearms       | 4 5 6 |  6.1
Armour         | 3 4 5 |  5.0
Fighting       | 4 5 |  5.9
Dodging        | 3 4 |  4.7

Action                   |  1- 3 |  4- 6 |  7- 9 || total
-------------------------+-------+-------+-------++-------
Melee: Spear             |    88 |   131 |    26 ||   245
       Headbutt          |     7 |    24 |     3 ||    34
Invok: Berserk           |       |     1 |       ||     1
 Stab: Sleeping          |     1 |       |       ||     1
  Eat: Chunk             |     1 |     6 |       ||     7
Armor: Animal skin       |     7 |       |       ||     7
       Ring mail         |     5 |    28 |     6 ||    39
Dodge: Dodged            |    37 |    43 |     5 ||    85
